 Dungeon Crawl Stone Soup version 0.27-a0-380-g150de4c (webtiles) character file.

Game seed: 2753409516310649961

112 MrTaco21 the Cudgeller (level 4, -7/28 HPs)
             Began as a Gargoyle Fighter on Feb 17, 2021.
             Killed from afar by an orc wizard (9 damage)
             ... with a puff of flame
             ... on level 2 of the Dungeon.
             The game lasted 00:03:02 (1614 turns).

MrTaco21 the Cudgeller (Gargoyle Fighter)           Turns: 1614, Time: 00:03:02

Health: -7/28      AC: 14    Str: 21    XL:     4   Next: 95%
Magic:  0/4        EV:  7    Int:  8    God:
Gold:   72         SH:  0    Dex:  9    Spells: 3/3 levels left

rFire    . . .     SeeInvis .   a - +0 flail
rCold    . . .     Faith    .   c - +0 kite shield
rNeg     + . .     Spirit   +   p - +3 scale mail {rPois}
rPois    ∞         Reflect  .   (no helmet)
rElec    +         Harm     .   (no cloak)
rCorr    .         Rampage  .   (no gloves)
Will     .....                  b - +0 pair of boots
Stlth    ..........             f - amulet of guardian spirit
HPRegen  0.09/turn              (no ring)
MPRegen  0.09/turn              (no ring)

@: confused
A: negative energy resistance 1, electricity resistance, unbreathing,
petrification resistance, miasma immunity, AC +3
a: no special abilities


You were on level 2 of the Dungeon.
You visited 1 branch of the dungeon, and saw 3 of its levels.

You collected 72 gold pieces.

Inventory:

Hand Weapons
 a - a +0 flail (weapon)
Armour
 b - a +0 pair of boots (worn)
   (You found it on level 2 of the Dungeon)
 c - a +0 kite shield (worn)
 p - a +3 scale mail of poison resistance (worn)
   (You took it off Terence on level 2 of the Dungeon)
Jewellery
 f - an amulet of guardian spirit (around neck)
   (You found it on level 1 of the Dungeon)
Scrolls
 g - 2 scrolls of magic mapping {unknown}
 h - 4 scrolls of identify {unknown}
 i - a scroll of immolation {unknown}
 k - a scroll of blinking {unknown}
 l - a scroll of amnesia {unknown}
 m - a scroll of noise {unknown}
 n - 2 scrolls of teleportation {unknown}
Potions
 d - a potion of might
 e - 3 potions of heal wounds {unknown}
 j - 2 potions of curing {unknown}
 o - a potion of resistance {unknown}


   Skills:
 - Level 3.2 Fighting
 + Level 4.9 Maces & Flails
 - Level 3.2 Armour
 - Level 3.2 Shields


You had 3 spell levels left.
You didn't know any spells.
Your spell library contained the following spells:

 Spells                   Type           Power        Failure   Level
 Magic Dart               Conj           0%           99%         1
 Blink                    Tloc           N/A          100%        2
 Call Imp                 Summ           0%           100%        2
 Slow                     Hex            0%           100%        2
 Conjure Flame            Conj/Fire      0%           100%        3
 Mephitic Cloud           Conj/Pois/Air  0%           100%        3


Dungeon Overview and Level Annotations

Branches:
Dungeon (3/15)

Altars:
Elyvilon
Yredelemnul


Innate Abilities, Weirdness & Mutations

You are resistant to torment.
Your stone body is resilient. (AC +3)
You are immune to poison.
You resist negative energy. (rN+)
You are resistant to electric shocks. (rElec)
You can survive without breathing.
You are immune to petrification.
You are immune to miasma.


Message History

Deactivating autopickup; reactivate with Ctrl-A.
Unknown command.
You bump into the rock wall.
You feel less confused.
You sock the orc!
You kill the orc!
You hear some strange, mumbled words.
A magic dart appears from out of thin air!
The magic dart hits you.
* * * LOW HITPOINT WARNING * * *
Something hits you but does no damage.
You see here a +0 mace.
You see here a scroll labelled TIDIDI ZID YMP.
Something hits you but does no damage.
You hear some strange, mumbled words.
You are confused.
There is a stone staircase leading up here.
In your confused state, you trip and fall back down the stairs.
* * * LOW HITPOINT WARNING * * *
Something hits you.
* * * LOW HITPOINT WARNING * * *
The orc hits you but does no damage.
You hear some strange, mumbled words.
A puff of flame appears from out of thin air!
The puff of flame hits you.
* * * LOW HITPOINT WARNING * * *
You climb upwards.
Reactivating autopickup.
There is a stone staircase leading down here.
You bump into the rock wall.
The orc hits you but does no damage. Something hits you but does no damage.
Deactivating autopickup; reactivate with Ctrl-A.
Your shield prevents you from hitting the orc.
You feel less confused. You block the orc's attack.
Something hits you but does no damage. You block the orc's attack.
You sock the orc!
You kill the orc!
Something hits you but does no damage. Something hits you.
* * * LOW HITPOINT WARNING * * *
Unknown command.
Unknown command.
You hear some strange, mumbled words.
You are confused.
You hear some strange, mumbled words.
A puff of flame appears from out of thin air!
The puff of flame hits you!
You die...

#.....# #..[..#
#######.....#
#....##.....#######
#.................#
#.....#.....#####.#
#....#.#....# #<#
#...#._.#.#.# ###
#######..†.#.#..@.######
....))......#....{.>...#
#####.#.........###†...#
#######
#.#######.#####....#
#.....# ####'###
#..........# #.###.#
#......#
####....#.####.# #.#
#..[...#
#.####....#.###.##
##......#
#.#.........#....#
##......#
#.#.#####.###.#..#


There were no monsters in sight!

Vanquished Creatures
  Terence (D:2)
  2 adders (D:2)
  2 oozes (D:2)
  3 dart slugs
  2 leopard geckos
  3 orcs
  2 bats
  5 giant cockroaches
  10 goblins
  5 hobgoblins
  A quokka (D:2)
  A ball python (D:2)
  5 frilled lizards
  4 kobolds
  4 rats
  A spectral orc (D:2)
51 creatures vanquished.

Notes
Turn   | Place    | Note
-------+----------+-------------------------------------------
     0 | D:1      | MrTaco21 the Gargoyle Fighter began the quest for the Orb.
     0 | D:1      | Reached XP level 1. HP: 14/14 MP: 1/1
    68 | D:1      | Reached XP level 2. HP: 17/19 MP: 2/2
   165 | D:1      | Reached skill level 3 in Maces & Flails
   566 | D:1      | Reached XP level 3. HP: 23/23 MP: 3/3
   810 | D:2      | Reached skill level 4 in Maces & Flails
   889 | D:2      | Reached XP level 4. HP: 28/28 MP: 4/4
  1034 | D:2      | Found a basalt altar of Yredelemnul.
  1066 | D:2      | Noticed Terence
  1083 | D:2      | Killed Terence
  1187 | D:2      | Found a white marble altar of Elyvilon.
  1258 | D:2      | Found a faded altar of an unknown god.
  1609 | D:2      | HP: 1/28 [something (2)]
  1614 | D:2      | Killed from afar by an orc wizard

Illustrated notes

Levels and vault maps discovered:
D:1:      minmay_arrival_up_and_down, layout_basic
D:2:      layout_basic, yredelemnul_forgotten_temple_becter, marbit_many_paths,
          chequers_ecumenical_altar_simple_redux, uniq_terence
D:3:      layout_loops_cross, nicolae_ashenzari_panopticon, lemuel_crystal_altar

Skill      XL: |  1  2  3 |
---------------+----------+-----
Maces & Flails | 3 4 |  4.9
Fighting       | |  3.2
Armour         | |  3.2
Shields        | |  3.2

Action                   |  1- 3 |  4- 6 || total
-------------------------+-------+-------++-------
Melee: Flail             |   109 |    91 ||   200
Armor: Scale mail        |    61 |    81 ||   142
Dodge: Dodged            |    42 |    22 ||    64
Block: Kite shield       |    60 |    53 ||   113

Table legend: (Time is in decaauts)
 A = Elapsed time spent in this place.
 B = Non-inter-level travel time spent in this place.
 C = Inter-level travel time spent in this place.
 D = Time resting spent in this place.
 E = Time spent auto-exploring this place.
 F = Levels seen in this place.
 G = Mean time per level.
                   A        B        C        D        E       F      G
               +--------+--------+--------+--------+--------+-----+--------+
         Total |   1705 |   1618 |     87 |      0 |   1147 |   3 |  568.3 |
       Dungeon |   1705 |   1618 |     87 |      0 |   1147 |   3 |  568.3 |
               +--------+--------+--------+--------+--------+-----+--------+

Top non-repeatable levels by time:
     D:2: 887 daAuts
     D:1: 787 daAuts
     D:3: 31 daAuts
